 Dungeon Crawl Stone Soup version 0.26.1-10-gdfb7c7de75 (webtiles) character file.

Game seed: 11970406426863663295

7891 Almogavar the Fighter (level 11, -1/95 HPs)
             Began as a Gnoll Wanderer on Apr 10, 2021.
             Was an Elder of Okawaru.
             Slain by a vampire (3 damage)
             ... on level 11 of the Dungeon.
             The game lasted 00:36:15 (12792 turns).

Almogavar the Fighter (Gnoll Wanderer)             Turns: 12792, Time: 00:36:15

Health: -1/95      AC:  9    Str: 14    XL:     11   Next: 22%
Magic:  18/20      EV: 20    Int: 17    God:    Okawaru [****..]
Gold:   753        SH:  0    Dex: 22    Spells: 22/22 levels left

rFire    . . .     SeeInvis .   g - +2 hand axe (venom)
rCold    . . .     Faith    .   (no shield)
rNeg     . . .     Spirit   .   x - +0 swamp dragon scales
rPois    +         Reflect  .   q - +0 helmet
rElec    .         Harm     .   l - +0 cloak
rCorr    .         Rampage  .   (no gloves)
Will     .....                  (no boots)
Stlth    +++++.....             p - amulet of the acrobat
HPRegen  0.25/turn              D - +6 ring of dexterity
MPRegen  0.17/turn              M - ring of poison resistance

@: heroism, corroded
A: distributed training, fangs 1, strong nose
a: Renounce Religion, Heroism


You were on level 11 of the Dungeon.
You worshipped Okawaru.
Okawaru was greatly pleased with you.
You visited 2 branches of the dungeon, and saw 12 of its levels.

You collected 753 gold pieces.

Inventory:

Hand Weapons
 a - a +2 shortbow
 g - a +2 hand axe of venom (weapon)
 J - a +2 great mace of draining
 L - a +3 flail of freezing
Missiles
 b - 111 arrows
Armour
 h - a +0 chain mail
 l - a +0 cloak (worn)
 q - a +0 helmet (worn)
 x - +0 swamp dragon scales (worn)
 C - a +0 cloak
Jewellery
 p - an amulet of the acrobat (around neck)
 t - an uncursed ring of ice
 B - a +6 ring of strength
 D - a +6 ring of dexterity (left hand)
 M - a ring of poison resistance (right hand)
 O - an uncursed ring of protection from fire
Wands
 f - a wand of flame (9)
 o - a wand of random effects (20)
 A - a wand of iceblast (13)
 G - a wand of paralysis (9)
 H - a wand of digging (4)
 K - a wand of acid (12)
Scrolls
 c - a scroll of amnesia
 d - a scroll of enchant armour
 i - 3 scrolls of blinking
 m - 8 scrolls of remove curse {unknown}
 n - 8 scrolls of teleportation
 r - 3 scrolls of magic mapping {unknown}
 s - 2 scrolls of brand weapon {unknown}
 y - 2 scrolls of random uselessness {unknown}
 E - a scroll of fear {unknown}
 F - a scroll of summoning {unknown}
 I - 2 scrolls of fog {unknown}
 N - a scroll of identify
Potions
 e - 3 potions of brilliance
 j - 4 potions of flight {unknown}
 k - 4 potions of curing
 u - 2 potions of might {unknown}
 v - 5 potions of resistance {unknown}
 w - a potion of cancellation {unknown}
 z - a potion of berserk rage {unknown}


   Skills:
 + Level 11.8(16.8) Fighting
 + Level 6.1(11.1) Short Blades
 + Level 6.1(11.1) Long Blades
 + Level 6.6(11.6) Axes
 + Level 6.1(11.1) Maces & Flails
 + Level 6.1(11.1) Polearms
 + Level 6.1(11.1) Staves
 + Level 6.1(11.1) Slings
 + Level 7.7(12.7) Bows
 + Level 6.1(11.1) Crossbows
 + Level 6.1(11.1) Throwing
 + Level 6.1(11.1) Armour
 + Level 6.1(11.1) Dodging
 + Level 6.6(11.6) Stealth
 + Level 6.6(11.6) Shields
 + Level 6.1(11.1) Unarmed Combat
 + Level 6.1 Spellcasting
 + Level 5.0 Conjurations
 + Level 5.0 Hexes
 + Level 5.0 Summonings
 + Level 5.0 Necromancy
 + Level 5.0 Translocations
 + Level 5.0 Transmutations
 + Level 5.0 Fire Magic
 + Level 5.0 Ice Magic
 + Level 5.0 Air Magic
 + Level 5.0 Earth Magic
 + Level 5.0 Poison Magic
 + Level 6.7 Invocations
 + Level 6.1 Evocations


You had 22 spell levels left.
You didn't know any spells.
Your spell library contained the following spells:

 Spells                   Type           Power        Failure   Level
 Beastly Appendage        Tmut           44%          2%          1
 Foxfire                  Conj/Fire      88%          2%          1
 Summon Small Mammal      Summ           88%          2%          1
 Call Imp                 Summ           22%          4%          2
 Wereblood                Tmut           22%          4%          2
 Call Canine Familiar     Summ           22%          9%          3
 Confusing Touch          Hex            22%          9%          3
 Conjure Flame            Conj/Fire      22%          9%          3
 Gell's Gravitas          Tloc           11%          9%          3
 Inner Flame              Hex/Fire       22%          9%          3
 Spider Form              Tmut/Pois      11%          9%          3
 Summon Guardian Golem    Hex/Summ       22%          9%          3
 Ice Form                 Ice/Tmut       22%          26%         4
 Petrify                  Tmut/Erth      22%          26%         4
 Sticky Flame             Conj/Fire      22%          26%         4
 Summon Ice Beast         Ice/Summ       22%          26%         4
 Summon Lightning Spire   Summ/Air       22%          26%         4
 Blade Hands              Tmut           11%          58%         5
 Fireball                 Conj/Fire      11%          58%         5
 Metabolic Englaciation   Hex/Ice        11%          58%         5
 Yara's Violent Unravell  Hex/Tmut       11%          58%         5


Dungeon Overview and Level Annotations

Branches:
Dungeon (11/15)            Temple (1/1) D:5            Lair (0/6) D:10
    Orc: D:9-12

Altars:
Ashenzari
Cheibriados
Dithmenos
Elyvilon
Fedhas
Hepliaklqana
Kikubaaqudgha
Nemelex Xobeh
Okawaru
Ru
Trog
Vehumet
Yredelemnul
The Shining One


Innate Abilities, Weirdness & Mutations

Your experience applies equally to all skills.
You have very sharp teeth.
Your uncanny sense of smell can sniff out nearby items.


Message History

You hit something but do no damage. Something hits you! Something bites you!
Something draws strength from your injuries!
You closely miss something. Something hits you. Something bites you!
* * * LOW HITPOINT WARNING * * *
Something draws strength from your injuries!
You closely miss something. Something completely misses you.
Something bites you but does no damage.
You feel better. Something hits you.
* * * LOW HITPOINT WARNING * * *
Something bites you.
* * * LOW HITPOINT WARNING * * *
Something draws strength from your injuries!
You gain the combat prowess of a mighty hero.
Something hits you but does no damage. Something bites you!
* * * LOW HITPOINT WARNING * * *
Something draws strength from your injuries!
You hit something but do no damage. You bite something. Something hits you!
* * * LOW HITPOINT WARNING * * *
Something bites you.
You die...

#. ..(.## #. ..(.##.#####. .
..(.......... ... .(...........
#.# (............ . #.#
(............
..#####.##########.............
.............@{J....#.........
####........########.#.(.......
.................# #[........
#####........####.# #.........
.........###....# #.###.###.##
.........###.##.# #.. #.# #.#
#.#####.........# #.. #.# #.#
#..#...... #..##.###.#
#..#...... ###...#.#...##


You could see a jelly.

Vanquished Creatures
  2 two-headed ogres
  Pikel (D:4)
  Maggie (D:6)
  A komodo dragon (D:10)
  A soldier ant (D:8)
  Duvessa (D:5)
  2 sky beasts
  3 orc warriors
  5 ice beasts
  4 ogres
  5 centaurs
  5 big kobolds
  5 bullfrogs
  An elf skeleton (D:9)
  Dowan (D:5)
  6 scorpions
  4 electric eels (D:10)
  18 wights
  6 howler monkeys
  2 bullfrog zombies (D:11)
  3 orc priests
  A quasit (D:9)
  7 human zombies (D:9)
  A jelly (D:7)
  5 bullfrog skeletons
  2 hounds
  2 centaur skeletons
  10 orc wizards
  A human skeleton (D:9)
  A worker ant (D:9)
  5 iguanas
  A statue (D:7)
  A killer bee zombie (D:8)
  An ogre zombie (D:9)
  A hound skeleton (D:8)
  2 mummies (D:9)
  A howler monkey zombie (D:6)
  2 worker ant zombies
  8 gnolls
  11 adders
  A shadow imp (D:6)
  2 white imps
  3 oozes
  An adder zombie (D:8)
  3 worms
  2 dart slugs
  7 leopard geckos
  21 orcs
  A ball python (D:1)
  6 giant cockroaches
  7 goblins
  7 hobgoblins
  10 jackals
  8 quokkas
  15 bats
  9 frilled lizards
  23 kobolds
  A leopard gecko skeleton (D:4)
  A quokka skeleton (D:4)
  5 rats
273 creatures vanquished.

Vanquished Creatures (others)
  3 plants (D:10)
3 creatures vanquished.

Grand Total: 276 creatures vanquished

Notes
Turn   | Place    | Note
-------+----------+-------------------------------------------
     0 | D:1      | Reached skill level 10 in Fighting
     0 | D:1      | Almogavar the Gnoll Wanderer began the quest for the Orb.
     0 | D:1      | Almogavar set off with the following items: a +2 shortbow,
                  | 25 arrows, a +0 ring mail, a +0 hand axe
     0 | D:1      | Reached XP level 1. HP: 28/28 MP: 1/1
   196 | D:1      | Reached XP level 2. HP: 36/36 MP: 2/2
   548 | D:1      | Reached XP level 3. HP: 42/42 MP: 3/3
  1168 | D:2      | Reached skill level 1 in Invocations
  1375 | D:2      | Reached skill level 1 in Short Blades
  1375 | D:2      | Reached skill level 1 in Long Blades
  1375 | D:2      | Reached skill level 1 in Maces & Flails
  1375 | D:2      | Reached skill level 1 in Polearms
  1375 | D:2      | Reached skill level 1 in Staves
  1375 | D:2      | Reached skill level 1 in Slings
  1375 | D:2      | Reached skill level 1 in Crossbows
  1375 | D:2      | Reached skill level 1 in Throwing
  1375 | D:2      | Reached skill level 1 in Armour
  1375 | D:2      | Reached skill level 1 in Dodging
  1375 | D:2      | Reached skill level 1 in Unarmed Combat
  1375 | D:2      | Reached skill level 1 in Spellcasting
  1375 | D:2      | Reached skill level 1 in Evocations
  1737 | D:2      | Reached XP level 4. HP: 48/48 MP: 5/5
  2292 | D:3      | Reached skill level 1 in Conjurations
  2292 | D:3      | Reached skill level 1 in Hexes
  2292 | D:3      | Reached skill level 1 in Summonings
  2292 | D:3      | Reached skill level 1 in Necromancy
  2292 | D:3      | Reached skill level 1 in Translocations
  2292 | D:3      | Reached skill level 1 in Transmutations
  2292 | D:3      | Reached skill level 1 in Fire Magic
  2292 | D:3      | Reached skill level 1 in Ice Magic
  2292 | D:3      | Reached skill level 1 in Air Magic
  2292 | D:3      | Reached skill level 1 in Earth Magic
  2292 | D:3      | Reached skill level 1 in Poison Magic
  2578 | D:3      | Reached XP level 5. HP: 54/54 MP: 6/6
  2712 | D:3      | Noticed an ice beast
  2726 | D:3      | Killed an ice beast
  2840 | D:3      | Reached XP level 6. HP: 61/61 MP: 8/8
  3639 | D:4      | Reached skill level 5 in Bows
  3680 | D:4      | Noticed Pikel
  3691 | D:4      | Killed Pikel
  3692 | D:4      | Reached XP level 7. HP: 58/67 MP: 8/11
  3874 | D:5      | Entered Level 5 of the Dungeon
  4012 | D:4      | Reached XP level 8. HP: 41/74 MP: 12/12
  4227 | D:5      | Found a staircase to the Ecumenical Temple.
  4235 | Temple   | Entered the Ecumenical Temple
  4245 | Temple   | Became a worshipper of Warmaster Okawaru
  4896 | D:5      | Noticed Dowan
  4904 | D:5      | Killed Dowan
  4939 | D:5      | Noticed Duvessa
  4956 | D:5      | Killed Duvessa
  5410 | D:6      | Reached * piety under Okawaru
  5473 | D:6      | Reached skill level 11 in Fighting
  5486 | D:6      | Identified the cursed +1 leather armour of Vehumet's Wrath
                  | {*Contam Will+ Str+4}
  5492 | D:6      | Reached XP level 9. HP: 43/78 MP: 14/14
  5955 | D:6      | Noticed Maggie
  6008 | D:6      | Killed Maggie
  6009 | D:6      | Reached skill level 5 in Axes
  6009 | D:6      | Reached skill level 5 in Shields
  6378 | D:6      | Reached skill level 5 in Stealth
  6560 | D:6      | Reached ** piety under Okawaru
  7062 | D:6      | Reached skill level 5 in Invocations
  7827 | D:7      | Found a radiant altar of Vehumet.
  8219 | D:7      | Found a bloodstained altar of Trog.
  8220 | D:7      | Found a broken altar of Ashenzari.
  8228 | D:7      | Reached XP level 10. HP: 81/88 MP: 17/17
  8500 | D:8      | Reached *** piety under Okawaru
  8501 | D:8      | Reached skill level 5 in Short Blades
  8501 | D:8      | Reached skill level 5 in Long Blades
  8501 | D:8      | Reached skill level 5 in Maces & Flails
  8501 | D:8      | Reached skill level 5 in Polearms
  8501 | D:8      | Reached skill level 5 in Staves
  8501 | D:8      | Reached skill level 5 in Slings
  8501 | D:8      | Reached skill level 5 in Crossbows
  8501 | D:8      | Reached skill level 5 in Throwing
  8501 | D:8      | Reached skill level 5 in Armour
  8501 | D:8      | Reached skill level 5 in Dodging
  8501 | D:8      | Reached skill level 5 in Unarmed Combat
  8501 | D:8      | Reached skill level 5 in Spellcasting
  8501 | D:8      | Reached skill level 5 in Evocations
  8840 | D:8      | Noticed a two-headed ogre
  8931 | D:8      | Killed a two-headed ogre
  8931 | D:8      | Received a gift from Okawaru
  9847 | D:9      | Reached **** piety under Okawaru
  9860 | D:9      | Found an ancient bone altar of Kikubaaqudgha.
 10612 | D:10     | Entered Level 10 of the Dungeon
 10669 | D:10     | Noticed a two-headed ogre
 10683 | D:10     | Killed a two-headed ogre
 10684 | D:10     | Reached XP level 11. HP: 48/95 MP: 19/19
 11777 | D:10     | Found a staircase to the Lair.
 11803 | D:10     | Reached skill level 5 in Conjurations
 11803 | D:10     | Reached skill level 5 in Hexes
 11803 | D:10     | Reached skill level 5 in Summonings
 11803 | D:10     | Reached skill level 5 in Necromancy
 11803 | D:10     | Reached skill level 5 in Translocations
 11803 | D:10     | Reached skill level 5 in Transmutations
 11803 | D:10     | Reached skill level 5 in Fire Magic
 11803 | D:10     | Reached skill level 5 in Ice Magic
 11803 | D:10     | Reached skill level 5 in Air Magic
 11803 | D:10     | Reached skill level 5 in Earth Magic
 11803 | D:10     | Reached skill level 5 in Poison Magic
 12792 | D:11     | HP: 2/95 [something (10)]
 12792 | D:11     | Slain by a vampire

Illustrated notes

Levels and vault maps discovered:
D:1:      dpeg_arrival_shrine, layout_basic, amcnicky_mini_rare_corridor_liquid
D:2:      layout_basic
D:3:      layout_basic
D:4:      layout_gridville, uniq_pikel
D:5:      layout_rooms, minmay_temple_entry_mist, roderic_batcave,
          kennysheep_generic_room_16, uniq_duvessa
D:6:      layout_rooms, minmay_unpleasant_kobolds, uniq_maggie
D:7:      layout_gridville, vehumet_statue, gammafunk_temple_overflow_pools
D:8:      cheibrodos_fzero, layout_rooms
D:9:      layout_irregular_city, lemuel_mausoleum_altar_kikubaaqudgha,
          minivault_19, amcnicky_mini_pool_small
D:10:     layout_rooms, david_lair_shrubbed, serial_bayou_pond_b,
          kennysheep_small_spiral
D:11:     layout_basic
Temple:   eino_narrow_crystal_temple

Skill      XL: |  1  2  3  4  5  6  7  8  9 10 11 |
---------------+----------------------------------+-----
Fighting       | 11 | 11.8
Invocations    | 1 3 4 5 6 |  6.7
Short Blades   | 1 2 3 4 5 6 |  6.1
Long Blades    | 1 2 3 4 5 6 |  6.1
Maces & Flails | 1 2 3 4 5 6 |  6.1
Polearms       | 1 2 3 4 5 6 |  6.1
Staves         | 1 2 3 4 5 6 |  6.1
Slings         | 1 2 3 4 5 6 |  6.1
Crossbows      | 1 2 3 4 5 6 |  6.1
Throwing       | 1 2 3 4 5 6 |  6.1
Armour         | 1 2 3 4 5 6 |  6.1
Dodging        | 1 2 3 4 5 6 |  6.1
Unarmed Combat | 1 2 3 4 5 6 |  6.1
Spellcasting   | 1 2 3 4 5 6 |  6.1
Evocations     | 1 2 3 4 5 6 |  6.1
Conjurations   | 1 2 3 4 5 |  5.0
Hexes          | 1 2 3 4 5 |  5.0
Summonings     | 1 2 3 4 5 |  5.0
Necromancy     | 1 2 3 4 5 |  5.0
Translocations | 1 2 3 4 5 |  5.0
Transmutations | 1 2 3 4 5 |  5.0
Fire Magic     | 1 2 3 4 5 |  5.0
Ice Magic      | 1 2 3 4 5 |  5.0
Air Magic      | 1 2 3 4 5 |  5.0
Earth Magic    | 1 2 3 4 5 |  5.0
Poison Magic   | 1 2 3 4 5 |  5.0
Axes           | 3 4 5 6 |  6.6
Shields        | 3 4 5 6 |  6.6
Stealth        | 3 4 5 6 |  6.6
Bows           | 5 6 7 |  7.7

Action                   |  1- 3 |  4- 6 |  7- 9 | 10-12 || total
-------------------------+-------+-------+-------+-------++-------
Melee: Hand axe          |    15 |    36 |   226 |   269 ||   546
       Bite              |     1 |     4 |    39 |    53 ||    97
       Punch             |       |       |     4 |    14 ||    18
 Fire: Shortbow          |    83 |    76 |   283 |   273 ||   715
Invok: Heroism           |       |       |     1 |     2 ||     3
  Use: Scroll            |     5 |     2 |     1 |     2 ||    10
       Potion            |       |       |       |     1 ||     1
 Stab: Sleeping          |       |       |       |     7 ||     7
Armor: Ring mail         |    11 |    32 |    88 |       ||   131
       Swamp dragon scal |       |       |    21 |   109 ||   130
Dodge: Dodged            |    17 |    29 |   200 |   212 ||   458
